 Dungeon Crawl Stone Soup version 0.22-a0-422-g9628fc8 (webtiles) character file.

32 DrEnzyme the Skirmisher (level 3, -4/29 HPs)
             Began as a Human Wanderer on May 18, 2018.
             Killed from afar by Sigmund (7 damage)
             ... with a puff of flame
             ... on level 2 of the Dungeon.
             The game lasted 00:04:41 (885 turns).

DrEnzyme the Skirmisher (Human Wanderer)             Turns: 885, Time: 00:04:41

Health: -4/29      AC:  8    Str: 11    XL:     3   Next: 42%
Magic:  3/3        EV:  9    Int: 12    God:
Gold:   79         SH:  0    Dex: 14    Spells: 2/2 levels left

rFire    . . .     SeeInvis .   b - +2 shortbow
rCold    . . .     Gourm    .   (shield currently unavailable)
rNeg     . . .     Faith    .   c - +0 ring mail
rPois    .         Spirit   .   l - +0 helmet
rElec    .         Reflect  .   (no cloak)
rCorr    .         Harm     .   (no gloves)
MR       .....                  n - +0 pair of boots
Stlth    ..........             (no amulet)
HPRegen  0.09/turn              (no ring)
MPRegen  0.08/turn              (no ring)

@: confused
A: no striking features
a: no special abilities


You were on level 2 of the Dungeon.
You were not hungry.

You visited 1 branch of the dungeon, and saw 2 of its levels.

You collected 79 gold pieces.

Inventory:

Hand Weapons
 a - a +0 short sword
 b - a +2 shortbow (weapon)
 r - a cursed -1 dagger
Missiles
 h - 28 arrows (quivered)
Armour
 c - a +0 ring mail (worn)
 d - a +0 shield
 l - a +0 helmet (worn)
 n - a +0 pair of boots (worn)
Jewellery
 g - a +3 ring of evasion {unknown}
Scrolls
 i - a scroll of remove curse {unknown}
 j - 2 scrolls of amnesia {unknown}
Potions
 e - a potion of brilliance {unknown}
 k - a potion of flight {unknown}
 o - a potion of curing {unknown}
 p - a potion of berserk rage {unknown}
 q - a potion of agility {unknown}
Comestibles
 f - a ration


   Skills:
 * Level 3.3 Fighting
 * Level 0.4 Short Blades
   Level 1.0 Axes
 * Level 1.9 Bows
 + Level 1.1 Throwing
 + Level 3.3 Armour
 + Level 0.1 Stealth
 + Level 1.0 Shields


You had 2 spell levels left.
You didn't know any spells.
Your spell library was empty.

Dungeon Overview and Level Annotations

Branches:
Dungeon (2/15)

Altars:

Annotations:
D:2 Sigmund


Message History

Sigmund gestures at you while chanting.
You are confused.
You bump into the rock wall.
You bump into the rock wall.
You bump into the rock wall.
Sigmund points at you and mumbles some strange words.
The puff of flame hits you!
Sigmund hits you from afar with a scythe!
* * * LOW HITPOINT WARNING * * *
Sigmund hits you from afar with a scythe.
* * * LOW HITPOINT WARNING * * *
You feel less confused.
Unknown command.
Sigmund barely misses you. Sigmund gestures at you while chanting.
You are confused.
You bump into the rock wall.
Sigmund gestures at you while chanting. The puff of flame hits you!
You die...

#....# #....#####
##.#...#.##
#.<.......# #####
#.#######.#
#...#######....#....#
#.............>#)####
#....######..#.#)....
##.#@# #..#.......
#.#.# #..........
#.#.# #.#########
##.#@#### #......#
#.......# ######.#
#.......###
#.........#
#.......#.##
#..........###


You could see Sigmund.

Vanquished Creatures
  An adder (D:2)
  2 dart slugs (D:1)
  A leopard gecko (D:1)
  A giant cockroach (D:1)
  3 goblins (D:1)
  A hobgoblin (D:1)
  4 kobolds
  2 bats (D:1)
  A frilled lizard (D:1)
  3 rats (D:1)
19 creatures vanquished.

Notes
Turn   | Place    | Note
-------+----------+-------------------------------------------
     0 | D:1      | DrEnzyme the Human Wanderer began the quest for the Orb.
     0 | D:1      | DrEnzyme set off with: a +2 shortbow, 29 arrows, a +0 ring mail, a +0 shield, a ration
     0 | D:1      | Reached XP level 1. HP: 18/18 MP: 1/1
   154 | D:1      | Reached XP level 2. HP: 21/24 MP: 2/2
   456 | D:1      | Reached XP level 3. HP: 24/29 MP: 3/3
   866 | D:2      | Noticed Sigmund
   885 | D:2      | Killed from afar by Sigmund

Vault maps used:
D:1:      minmay_arrival_solitary_statue
D:2:      chequers_temple_overflow_minitemple, chequers_ecumenical_altar_grove,
          minmay_misc_feat_alley, uniq_crazy_yiuf_cottage, uniq_sigmund

Action                   || total
-------------------------++-------
Melee: Short sword       ||    35
 Fire: Shortbow          ||    40
Armor: Ring mail         ||    37
Dodge: Dodged            ||    22

Table legend:
 A = Spawn XP
 B = Non-spawn XP
 C = Spawn XP percentage of total XP
 D = Spawn monster count
 E = Non-spawn monster count
 F = Spawn count percentage of total count
 G = Total turns spent on level
                    A         B        C        D         E        F      G
               +---------+---------+-------+---------+---------+-------+---------
         Total |       0 |      46 |   0.0 |       0 |      19 |   0.0 |   885
               +---------+---------+-------+---------+---------+-------+---------
           D:1 |       0 |      31 |   0.0 |       0 |      17 |   0.0 |   701
           D:2 |       0 |      15 |   0.0 |       0 |       2 |   0.0 |   184
               +---------+---------+-------+---------+---------+-------+---------
